 Dungeon Crawl Stone Soup version 0.18.1-5-g4a78601 (webtiles) character file.

52 Esekla the Charmwright (level 3, -1/24 HPs)
             Began as a Felid Skald on May 13, 2016.
             Slain by a giant frog skeleton (5 damage)
             ... on level 4 of the Dungeon.
             The game lasted 00:19:28 (1462 turns).

Esekla the Charmwright (Felid Skald)                Turns: 1462, Time: 00:19:29

Health: -1/24      AC:  1    Str: 13    XL:     3   Next: 60%
Magic:  7/7        EV: 19    Int: 13    God:
Gold:   90         SH:  0    Dex: 16    Spells: 3 memorised, 1 level left
                                        Lives:  0   Deaths: 1

rFire  . . .     SeeInvis +       - Unarmed
rCold  . . .     Gourm    .     (armour unavailable)
rNeg   . . .     Faith    .     (shield unavailable)
rPois  .         Spirit   .     (helmet unavailable)
rElec  .         Dismiss  .     (cloak unavailable)
rCorr  .         Reflect  .     (gloves unavailable)
SustAt +         Harm     .     (boots unavailable)
MR     .....                    (no amulet)
Stlth  ..........               (no ring)
                                c - ring of sustain attributes

@: berserking, very quick, not resistant to hostile enchantments, extremely
unstealthy
A: no armour, no weapons or thrown items, claws 1, fangs 3, see invisible,
carnivore 3, speed 1, shaggy fur 1, slow metabolism 1, sharp paws
a: no special abilities


You were on level 4 of the Dungeon.
You were not hungry.

You visited 1 branch of the dungeon, and saw 3 of its levels.

You collected 90 gold pieces.

Inventory:

Jewellery
 c - a ring of sustain attributes (left paw)
Scrolls
 e - 3 scrolls of identify
 h - a scroll of recharging {unknown}
 i - a scroll of magic mapping {unknown}
 j - a scroll of enchant weapon {unknown}
 l - a scroll of amnesia {unknown}
Potions
 d - a potion of might
 f - a potion of berserk rage
 m - a potion of invisibility {unknown}
Books
 a - a book of Battle

   Spells                             Type                      Level
   a - Infusion                       Charms                       1
   b - Shroud of Golubria             Charms/Translocation         2
   c - Song of Slaying                Charms                       2
   d - Spectral Weapon                Hexes/Charms                 3
   e - Regeneration                   Charms/Necromancy            3
Comestibles
 b - a meat ration
 g - a beef jerky
 k - a slice of pizza


   Skills:
 - Level 2.0 Fighting
 * Level 4.3 Dodging
 - Level 2.0 Unarmed Combat
 + Level 2.3 Spellcasting
 + Level 4.6 Charms
 * Level 1.9 Translocations


You had one spell level left.
You knew the following spells:

 Your Spells              Type           Power        Failure   Level  Hunger
a - Infusion              Chrm           ##..         4%          1    #......
b - Shroud of Golubria    Chrm/Tloc      ##........   12%         2    ###....
c - Song of Slaying       Chrm           ##......     8%          2    ###....


Dungeon Overview and Level Annotations

Branches:
Dungeon (2/15)

Altars:
Pakellas


Innate Abilities, Weirdness & Mutations

You cannot wear armour.
You are incapable of wielding weapons or throwing items.
You have sharp claws.
You have razor-sharp teeth.
You have supernaturally acute eyesight.
You are carnivorous and can eat meat at any time.
You cover ground quickly.
You are covered in fur (AC +1).
You have a slow metabolism.
Your sharp claws are effective at attacking unaware monsters.


Message History

* * * LOW HITPOINT WARNING * * *
You barely miss the hound zombie. The hound zombie closely misses you.
You scratch the hound zombie. The hound zombie misses you.
The hound zombie closely misses you.
Found 20 stones.
You see here a leather armour.
You see here a potion of berserk rage.
f - 2 potions of berserk rage (gained 1)
The hound zombie misses you.
Drink which item? (? for menu, Esc to quit)
A red film seems to cover your vision as you go berserk!
You feel yourself moving faster!
You feel mighty! The hound zombie closely misses you.
You claw the hound zombie!
You destroy the hound zombie!
The giant frog skeleton hits you.
* * * LOW HITPOINT WARNING * * *
You barely miss the giant frog skeleton.
You bite the giant frog skeleton! The giant frog skeleton hits you.
You die...

.##..# #.# #####.......... .....#
#.##########...#.# #######
.#...###............#...# ##
...........Z###P88......########.
##...######................Z...Z.
##..# #####...P#.#.#########.
#..# #[.......# #§ #..#
#.####.#.# #§ ##.Z### #Z@......#
P§ #.....# ###.....##
#.###.##########.....# #.
#.....Z.......8..# #.
#.........(......#
#.....####........[..# #.####
#......#..### # ........#.##
###......#.#


You could see a giant frog skeleton.

Vanquished Creatures
  A giant frog zombie (D:4)
  A hound zombie (D:4)
  2 adders (D:2)
  An adder zombie (D:4)
  3 giant geckos (D:2)
  A ball python (D:1)
  2 giant cockroaches (D:2)
  8 goblins
  A hobgoblin (D:2)
  4 bats
  5 kobolds
  3 rats
32 creatures vanquished.

Vanquished Creatures (others)
  A troll (D:2)
1 creature vanquished.

Grand Total: 33 creatures vanquished

Notes
Turn   | Place    | Note
--------------------------------------------------------------
     0 | D:1      | Esekla the Felid Skald began the quest for the Orb.
     0 | D:1      | Reached XP level 1. HP: 9/9 MP: 4/4
   283 | D:1      | Reached XP level 2. HP: 13/13 MP: 6/6
   287 | D:1      | Learned a level 2 spell: Shroud of Golubria
   290 | D:1      | Learned a level 2 spell: Song of Slaying
   687 | D:2      | Reached skill level 1 in Translocations
   992 | D:2      | Reached XP level 3. HP: 13/16 MP: 7/7
  1148 | D:2      | Found an oddly glowing altar of Pakellas.
  1148 | D:2      | Noticed an orange crystal statue
  1149 | D:2      | Noticed a troll
  1163 | D:2      | Killed a troll
  1371 | D:2      | You fall through a shaft for 2 floors!
  1387 | D:4      | Reached XP level 4. HP: 8/19 MP: 2/8
  1405 | D:4      | Slain by a giant frog zombie
  1406 | D:4      | Reached XP level 3. HP: -1/16 MP: 0/7
  1462 | D:4      | Slain by a giant frog skeleton

Skill      XL: |  1  2  3 |
---------------+----------+-----
Charms         | 4 |  4.6
Translocations | 1 |  1.9
Dodging        | 4 |  4.3
Fighting       | |  2.0
Unarmed Combat | |  2.0
Spellcasting   | |  2.3

Action                   |  1- 3 |  4- 6 || total
-------------------------+-------+-------++-------
Melee: Unarmed           |    95 |     7 ||   102
       Bite              |    10 |       ||    10
       Punch             |       |     1 ||     1
 Cast: Infusion          |     6 |       ||     6
       Shroud of Golubri |     3 |       ||     3
  Use: Scroll            |     2 |       ||     2
       Potion            |     1 |       ||     1
 Stab: Sleeping          |     4 |       ||     4
       Distracted        |     1 |       ||     1
  Eat: Chunk             |     5 |       ||     5
Armor: Skin              |     4 |       ||     4
Dodge: Dodged            |    80 |     5 ||    85
